 Dungeon Crawl Stone Soup version 0.27-a0-1290-g15d3ce7508 (webtiles) character file.

Game seed: 6653148802053259123

1250 Delamore the Spear-Bearer (level 8, -15/62 HPs)
             Began as a Formicid Fighter on June 15, 2021.
             Was a Priest of Makhleb.
             Demolished by a two-headed ogre (16 damage)
             ... on level 5 of the Dungeon.
             The game lasted 00:06:35 (6305 turns).

Delamore the Spear-Bearer (Formicid Fighter)        Turns: 6305, Time: 00:06:36

Health: -15/62     AC:  6    Str: 23    XL:     8   Next: 80%
Magic:  8/8        EV:  8    Int:  8    God:    Makhleb [***...]
Gold:   228        SH: 10    Dex: 10    Spells: 7/7 levels left

rFire    . . .     SeeInvis +   a - +0 trident
rCold    . . .     Faith    .   c - +1 kite shield
rNeg     + . .     Spirit   .   b - +0 scale mail
rPois    .         Reflect  .   (helmet unavailable)
rElec    .         Harm     .   (no cloak)
rCorr    .         Rampage  .   (no gloves)
Will     .....                  (no boots)
Stlth    ..........             (no amulet)
HPRegen  0.20/turn              h - ring of positive energy
MPRegen  0.11/turn              (no ring)

@: no status effects
A: permanent stasis, dig shafts and tunnels, antennae 3, four strong arms
a: Dig, Shaft Self, Renounce Religion, Minor Destruction, Lesser Servant of
Makhleb


You were on level 5 of the Dungeon.
You worshipped Makhleb.
Makhleb was most pleased with you.
You visited 1 branch of the dungeon, and saw 5 of its levels.

You collected 273 gold pieces.
You spent 45 gold pieces at shops.

Inventory:

Hand Weapons
 a - a +0 trident (weapon)
Missiles
 f - 36 poisoned darts
Armour
 b - a +0 scale mail (worn)
 c - a +1 kite shield (worn)
Jewellery
 h - a ring of positive energy (left hand)
Wands
 l - a wand of iceblast (15)
Scrolls
 m - 2 scrolls of noise
 n - a scroll of fear
Potions
 d - 4 potions of might
 e - a potion of mutation
 i - a potion of ambrosia
 j - 2 potions of attraction
 o - a potion of flight {unknown}
 p - 2 potions of degeneration {unknown}


   Skills:
 - Level 5.0 Fighting
 * Level 9.3 Polearms
 + Level 2.1 Throwing
 - Level 3.2 Armour
 - Level 3.6 Shields


You had 7 spell levels left.
You didn't know any spells.
Your spell library contained the following spells:

 Spells                   Type           Power      Damage    Failure   Level
 Magic Dart               Conj           0%         1d3       98%         1
 Summon Small Mammal      Summ           0%         N/A       98%         1
 Call Imp                 Summ           0%         N/A       99%         2
 Slow                     Hex            0%         N/A       99%         2
 Call Canine Familiar     Summ           0%         N/A       100%        3
 Conjure Flame            Conj/Fire      0%         6-21      100%        3
 Mephitic Cloud           Conj/Pois/Air  0%         N/A       100%        3
 Summon Guardian Golem    Hex/Summ       0%         N/A       100%        3
 Summon Ice Beast         Ice/Summ       0%         N/A       100%        4
 Summon Lightning Spire   Summ/Air       0%         N/A       100%        4
 Blink                    Tloc           Unusable   N/A       N/A         2

Dungeon Overview and Level Annotations

Branches:
Dungeon (5/15)
 Temple: D:4-7

Altars:
Makhleb

Shops:
D:4 ?

Annotations:
D:5 4 runed translucent doors


Innate Abilities, Weirdness & Mutations

You cannot be hasted, slowed, berserked, paralysed or teleported.
You can dig through walls and to a lower floor.
You have a pair of large antennae on your head. (SInv)
Your four strong arms can wield two-handed weapons with a shield.


Message History

A gnoll comes into view. It is wielding a +0 whip.
The gnoll shouts!
You hear two shouts!
The gnoll picks up 6 stones.
You reach to attack!
You puncture the gnoll!
You kill the gnoll!
Makhleb accepts your kill.
A two-headed ogre comes into view. It is wielding two +0 dire flails.
You reach to attack!
You puncture the two-headed ogre!
The two-headed ogre is lightly wounded.
A jelly comes into view.
Your shield and scale mail prevent you from hitting the two-headed ogre.
The two-headed ogre is lightly wounded.
The jelly quivers.
The two-headed ogre hits you with a +0 dire flail!!
The two-headed ogre hits you with a +0 dire flail!
You hit the two-headed ogre.
The two-headed ogre is moderately wounded.
The two-headed ogre hits you with a +0 dire flail. x2
You are too injured to fight recklessly!
You are too injured to fight recklessly!
There is an open door here.
Things that are here:
a +3 long sword; a +0 robe
Okay, then.
A demon appears!
It doesn't seem very happy.
You block the two-headed ogre's attack. The two-headed ogre closely misses you.
The smoke demon gestures at you. Makhleb smites you!
There is a stone staircase leading up here.
You extend your mandibles.
You dig through the rock wall.
You dig through the rock wall.
You dig through the rock wall.
You dig through the rock wall.
You dig through the rock wall.
The two-headed ogre hits you with a +0 dire flail!!
* * * LOW HITPOINT WARNING * * *
The two-headed ogre hits you with a +0 dire flail!
You die...

###### ######....#
####.J..<.##.###### ########
##.J..#######......####
.......####.3###@# ######J...#
............#.#O## ####.#
........####.#3## ########..
.............###########...J....#
.......#####....#........######..
......#########....######.# ##.
.#.##.....##.....#######..# ##
##...#.##........####.....# ##
.....#.#..######..##..###.######.


You could see a two-headed ogre, a smoke demon (summoned) and a jelly.

Vanquished Creatures
  Menkaure (D:4)
  2 water moccasins (D:5)
  A black bear (D:5)
  An ogre (D:4)
  A scorpion (D:3)
  A water moccasin skeleton (D:5)
  A wight (D:5)
  2 jellies (D:4)
  A bullfrog skeleton (D:4)
  An orc priest (D:5)
  3 hounds
  2 centaur skeletons (D:4)
  4 iguanas
  2 orc wizards (D:5)
  A hound skeleton (D:4)
  5 gnolls
  4 adders
  An ufetubus (D:5)
  3 dart slugs
  6 orcs
  8 ball pythons
  7 endoplasms
  7 giant cockroaches
  7 goblins
  7 hobgoblins
  3 jackals (D:4)
  11 bats
  12 kobolds
  7 rats
112 creatures vanquished.

Notes
Turn   | Place    | Note
-------+----------+-------------------------------------------
     0 | D:1      | Delamore the Formicid Fighter began the quest for the Orb.
     0 | D:1      | Reached XP level 1. HP: 18/18 MP: 1/1
   284 | D:1      | Reached XP level 2. HP: 22/24 MP: 2/2
   609 | D:1      | Found a faded altar of an unknown god.
   651 | D:1      | Became a worshipper of Makhleb the Destroyer
   651 | D:1      | Reached * piety under Makhleb
   890 | D:1      | Reached XP level 3. HP: 27/30 MP: 3/3
   948 | D:1      | Reached skill level 3 in Polearms
  1261 | D:2      | Reached ** piety under Makhleb
  1452 | D:2      | Reached XP level 4. HP: 31/37 MP: 4/4
  1618 | D:2      | Found Onetocw's Assorted Antiques.
  2118 | D:3      | Reached skill level 4 in Polearms
  2446 | D:3      | Reached XP level 5. HP: 22/42 MP: 5/5
  3052 | D:3      | Reached skill level 5 in Polearms
  3052 | D:3      | Reached XP level 6. HP: 20/50 MP: 6/6
  3725 | D:4      | Noticed an ogre
  3738 | D:4      | Killed an ogre
  3738 | D:4      | Reached *** piety under Makhleb
  3739 | D:4      | Reached skill level 5 in Fighting
  3851 | D:4      | Reached skill level 6 in Polearms
  3851 | D:4      | Reached XP level 7. HP: 56/56 MP: 7/7
  4373 | D:4      | Noticed Menkaure
  4387 | D:5      | Entered Level 5 of the Dungeon
  4674 | D:4      | Killed Menkaure
  4675 | D:4      | Reached skill level 7 in Polearms
  4709 | D:4      | Found Zetwe's Magic Scroll Shoppe.
  4718 | D:4      | Bought a scroll of fear for 45 gold pieces
  5266 | D:5      | Found a large runed translucent door.
  5266 | D:5      | Found a large runed translucent door.
  5266 | D:5      | Noticed a shadow
  5266 | D:5      | Noticed a two-headed ogre
  5275 | D:5      | Found a large runed translucent door.
  5275 | D:5      | Found a large runed translucent door.
  5280 | D:5      | Noticed a water moccasin
  5308 | D:5      | Killed a water moccasin
  5309 | D:5      | Reached skill level 1 in Throwing
  5309 | D:5      | Reached XP level 8. HP: 52/62 MP: 8/8
  5311 | D:5      | Reached skill level 8 in Polearms
  5798 | D:5      | HP: 3/62 [water moccasin (7)]
  5804 | D:5      | Reached skill level 9 in Polearms
  6239 | D:5      | Noticed a two-headed ogre
  6284 | D:5      | Noticed a smoke demon
  6305 | D:5      | HP: 1/62 [two-headed ogre (22)]
  6305 | D:5      | Demolished by a two-headed ogre

Illustrated notes

Levels and vault maps discovered:
D:1:      ncdulo_wetmaze, layout_loops_ring,
          hellmonk_ecumenical_altar_slurped_away
D:2:      layout_rooms, serial_shops, nicolae_shop_overgrown_old_shop
D:3:      corexii_shack_village, layout_basic, minmay_divided_ellipse
D:4:      layout_cave_pods, serial_shops, shop_scrolls, uniq_menkaure
D:5:      layout_rooms, minmay_hollow_rounded_squares

Skill      XL: |  1  2  3  4  5  6  7  8 |
---------------+-------------------------+-----
Polearms       | 3 4 5 6 7 9 |  9.3
Fighting       | 4 5 |  5.0
Throwing       | 1 2 |  2.1
Armour         | |  3.2
Shields        | |  3.6

Action                   |  1- 3 |  4- 6 |  7- 9 || total
-------------------------+-------+-------+-------++-------
Melee: Trident           |   140 |   134 |   169 ||   443
Throw: Dart              |       |     2 |    18 ||    20
Invok: Lesser Servant of |       |       |     1 ||     1
 Abil: Dig               |     1 |     4 |     8 ||    13
  Use: Scroll            |     3 |     9 |     2 ||    14
       Potion            |       |       |     4 ||     4
Armor: Scale mail        |    45 |    41 |    70 ||   156
Dodge: Dodged            |    25 |    42 |    57 ||   124
Block: Kite shield       |    63 |    60 |   113 ||   236

Table legend: (Time is in decaauts)
 A = Elapsed time spent in this place.
 B = Non-inter-level travel time spent in this place.
 C = Inter-level travel time spent in this place.
 D = Time resting spent in this place.
 E = Time spent auto-exploring this place.
 F = Levels seen in this place.
 G = Mean time per level.
                   A        B        C        D        E       F      G
               +--------+--------+--------+--------+--------+-----+--------+
         Total |   6435 |   6318 |    117 |   1707 |   3485 |   5 | 1287.0 |
       Dungeon |   6435 |   6318 |    117 |   1707 |   3485 |   5 | 1287.0 |
               +--------+--------+--------+--------+--------+-----+--------+

Top non-repeatable levels by time:
     D:3: 1786 daAuts
     D:4: 1301 daAuts
     D:1: 1221 daAuts
     D:5: 1129 daAuts
     D:2: 995 daAuts
